 Dungeon Crawl Stone Soup version 0.18.1-2-ga659475 (webtiles) character file.

70 Implojin the Insei (level 4, -1/35 HPs)
             Began as a Mummy Monk on May 8, 2016.
             Slain by a quokka (3 damage)
             ... on level 2 of the Dungeon.
             The game lasted 00:05:41 (3648 turns).

Implojin the Insei (Mummy Monk)                     Turns: 3648, Time: 00:05:42

Health: -1/35      AC:  0    Str: 14    XL:     4   Next: 3%
Magic:  4/4        EV: 13    Int: 11    God:
Gold:   132        SH:  0    Dex: 15    Spells: 0 memorised, 3 levels left

rFire  . . .     SeeInvis .       - Unarmed
rCold  + . .     Gourm    .     (no armour)
rNeg   + + +     Faith    .     (no shield)
rPois  ∞         Spirit   .     (no helmet)
rElec  .         Dismiss  .     (no cloak)
rCorr  .         Reflect  .     (no gloves)
SustAt .         Harm     .     (no boots)
MR     .....                    (no amulet)
Stlth  ++........               e - +2 ring of intelligence
                                c - ring of protection from fire

@: not resistant to hostile enchantments, unstealthy
A: no food or potions, fire vulnerability, cold resistance 1, negative energy
resistance 3, torment resistance, unbreathing
a: no special abilities


You were on level 2 of the Dungeon.
You were not hungry.

You visited 1 branch of the dungeon, and saw 2 of its levels.

You collected 132 gold pieces.

Inventory:

Armour
 i - a +0 large shield
Jewellery
 a - a cursed amulet of inaccuracy {unknown}
 c - a ring of protection from fire (left hand)
 e - a +2 ring of intelligence (right hand)
Scrolls
 b - 2 scrolls of identify {unknown}
 d - a scroll of magic mapping {unknown}
 g - 2 scrolls of amnesia {unknown}
 h - a scroll of remove curse {unknown}
Comestibles
 f - 2 bread rations (quivered)


   Skills:
 - Level 3.3 Fighting
 - Level 2.7 Dodging
 - Level 1.7 Stealth
 * Level 4.2 Unarmed Combat


You had 3 spell levels left.
You didn't know any spells.

Dungeon Overview and Level Annotations

Branches:
Dungeon (2/15)

Altars:
Nemelex Xobeh
Yredelemnul


Innate Abilities, Weirdness & Mutations

You do not eat or drink.
Your flesh is vulnerable to fire.
You are immune to poison.
Your flesh is cold resistant.
You are immune to negative energy.
You are immune to unholy pain and torment.
You can survive without breathing.


Message History

You have reached level 4!
You hit the hobgoblin but do no damage. You closely miss the hobgoblin.
The hobgoblin hits you. The hobgoblin hits you.
The quokka twitches its whiskers.
The quokka bites you.
* * * LOW HITPOINT WARNING * * *
You hit the hobgoblin.
You kill the hobgoblin!
You miss the quokka. The quokka bites you.
* * * LOW HITPOINT WARNING * * *
You closely miss the quokka. The quokka bites you.
* * * LOW HITPOINT WARNING * * *
You barely miss the quokka. The quokka barely misses you.
You hit the quokka.
The quokka is moderately wounded.
The quokka misses you. The quokka bites you.
* * * LOW HITPOINT WARNING * * *
You closely miss the quokka.
The quokka is moderately wounded.
The quokka barely misses you.
You hit the quokka but do no damage.
The quokka is moderately wounded.
The quokka bites you.
* * * LOW HITPOINT WARNING * * *
Unknown command.
Read which item? (? for menu, Esc to quit)
Okay, then.
You hit the quokka but do no damage.
The quokka is moderately wounded.
The quokka completely misses you.
You hit the quokka but do no damage.
The quokka is moderately wounded.
The quokka barely misses you.
You hit the quokka but do no damage.
The quokka is moderately wounded.
The quokka bites you.
* * * LOW HITPOINT WARNING * * *
The quokka bites you.
You die...

##.# #......##..##### #.##
# .....##.#.#..## #..#
..##.##.#.#.## ##.# . #.
..#.#.# #.# . #.#.##...#
#####.### #. .#. ...###
#######...#...# #.. ..
##....###........#.....
#..#. ##
#..#..######.#.....
......#######@..#
#..#...##
....#...##.sr.###
###.######
......†....##.######...#.#
..........##.......#.....#
..............†....#..####
...$......##..........#
.........###.........###
...##...## #.......#...##
###...### #.......###..#


You could see a quokka and a giant cockroach.

Vanquished Creatures
  4 oozes
  A worm (D:1)
  A dart slug (D:1)
  A giant gecko (D:1)
  4 bats
  A giant cockroach (D:2)
  5 hobgoblins
  6 jackals (D:2)
  A giant newt (D:1)
  2 gnoll zombies (D:2)
  8 goblins
  3 kobolds (D:1)
  7 rats
44 creatures vanquished.

Notes
Turn   | Place    | Note
--------------------------------------------------------------
     0 | D:1      | Implojin the Mummy Monk began the quest for the Orb.
     0 | D:1      | Reached XP level 1. HP: 18/18 MP: 1/1
   358 | D:1      | Reached XP level 2. HP: 24/24 MP: 2/2
  1809 | D:1      | Reached XP level 3. HP: 26/29 MP: 3/3
  2405 | D:2      | Found a basalt altar of Yredelemnul.
  2719 | D:2      | Found a sparkling altar of Nemelex Xobeh.
  3061 | D:2      | Reached skill level 4 in Unarmed Combat
  3630 | D:2      | Reached XP level 4. HP: 31/35 MP: 4/4
  3648 | D:2      | Slain by a quokka

Skill      XL: |  1  2  3 |
---------------+----------+-----
Unarmed Combat | 4 |  4.2
Fighting       | |  3.3
Dodging        | |  2.7
Stealth        | |  1.7

Action                   |  1- 3 |  4- 6 || total
-------------------------+-------+-------++-------
Melee: Unarmed           |   192 |    12 ||   204
       Punch             |     1 |       ||     1
 Stab: Sleeping          |     2 |       ||     2
Dodge: Dodged            |   106 |     5 ||   111

Table legend:
 A = Turns spent in this place as a percentage of turns spent in the entire game.
 B = Non-inter-level travel turns spent in this place as a percentage of non-inter-level travel turns spent in the entire game.
 C = Inter-level travel turns spent in this place as a percentage of turns spent in this place.
 D = Turns resting spent in this place as a percentage of non-inter-level travel turns spent in this place.
 E = Turns spent auto-exploring this place as a percentage of non-inter-level travel turns spent in this place.
 F = Non-inter-level travel turns spent in this place divided by the number of levels of this place that you've seen.
                   A       B       C       D       E      F
               +-------+-------+-------+-------+-------+----------------------
         Total | 100.0 | 100.0 |   0.9 |   7.1 |   7.7 | 406.5
       Dungeon | 100.0 | 100.0 |   0.9 |   7.1 |   7.7 | 406.5
               +-------+-------+-------+-------+-------+----------------------

Table legend:
 A = Kills in this place as a percentage of kills in entire the game.
 B = Kills by you in this place as a percentage of kills by you in the entire game.
 C = Kills by friends in this place as a percentage of kills by friends in the entire game.
 D = Other kills in this place as a percentage of other kills in the entire game.
 E = Experience gained in this place as a percentage of experience gained in the entire game.
 F = Experience gained in this place divided by the number of levels of this place that you have seen.
                   A       B       C       D       E      F
               +-------+-------+-------+-------+-------+----------------------
         Total | 100.0 | 100.0 |  -nan |  -nan | 100.0 |  50.0
       Dungeon | 100.0 | 100.0 |  -nan |  -nan | 100.0 |  50.0
               +-------+-------+-------+-------+-------+----------------------
